 Dungeon Crawl Stone Soup version 0.30-a0-613-gdd512c7efb (webtiles) character file.

Game seed: 15854102311084348543

4799 jfcaron the Covert (level 10, 46/46 HPs)
             Began as a Felid Transmuter on Jan 1, 2023.
             Was an Initiate of Gozag.
             Quit the game on level 1 of the Lair of Beasts on Jan 8, 2023.
             The game lasted 01:45:18 (16700 turns).

jfcaron the Covert (Felid Transmuter)              Turns: 16700, Time: 01:45:19

Health: 46/46      AC:  2    Str:  7    XL:     10   Next: 24%
Magic:  18/18      EV: 39    Int: 17    God:    Gozag
Gold:   574        SH:  0    Dex: 28    Spells: 0/19 levels left
                                        Lives:  0   Deaths: 3

rFire   . . .      SeeInvis +      - Unarmed
rCold   + . .      Faith    .    (shield unavailable)
rNeg    . . .      Spirit   .    (body armour unavailable)
rPois   +          Reflect  .    (helmet unavailable)
rElec   .          Harm     .    (cloak unavailable)
rCorr   .          Rampage  .    (gloves unavailable)
Will    +....                    (boots unavailable)
Stlth   +++++                    z - amulet of the acrobat
HPRegen 0.27/turn                j - +5 ring of evasion
MPRegen 0.16/turn                l - ring of the King {+Blink rPois Str+2 Dex+6}

@: acrobatic, quick
A: very small, claws 1, fangs 3, see invisible, speed 1, shaggy fur 2, stealthy
paws, no weapons or thrown items, no armour, multi-lived, agile 1, cold
resistance 1
a: Renounce Religion, Evoke Blink, Potion Petition, Call Merchant, Bribe Branch


You were on level 1 of the Lair of Beasts.
You worshipped Gozag.
Gozag was pleased with you.
You visited 3 branches of the dungeon, and saw 12 of its levels.
You also visited: Sewer and Ossuary.

You collected 2678 gold pieces.
You spent 1371 gold pieces at shops.
You paid 733 gold pieces to Gozag.

Inventory:

Jewellery
 j - a +5 ring of evasion (left paw)
   (You found it in a sewer)
 l - the ring of the King (right paw) {+Blink rPois Str+2 Dex+6}
   (You bought it in a shop on level 9 of the Dungeon)

   [ring of dexterity]

   Str:       It affects your strength (+2).
   Dex:       It affects your dexterity (+6).
   rPois:     It protects you from poison.
   +Blink:    It lets you blink.
 w - a ring of wizardry
   (You found it on level 9 of the Dungeon)
 z - an amulet of the acrobat (around neck)
   (You bought it in a shop on level 9 of the Dungeon)
Wands
 i - a wand of charming (3)
Scrolls
 a - 3 scrolls of butterflies
 c - 2 scrolls of fog
 k - a scroll of vulnerability
 m - 4 scrolls of teleportation
 q - a scroll of fear
 t - 2 scrolls of magic mapping
 x - a scroll of noise
 y - a scroll of enchant armour
 B - a scroll of poison
 C - a scroll of identify
Potions
 d - 3 potions of flight
 e - 4 potions of haste
 f - 2 potions of mutation
 g - 2 potions of curing
 h - a potion of resistance
 n - 3 potions of heal wounds
 o - 2 potions of invisibility
 p - a potion of might
 r - 2 potions of attraction
 s - a potion of magic
 u - 3 potions of cancellation
 v - a potion of lignification
Miscellaneous
 b - a phial of floods
   (You found it on level 10 of the Dungeon)
 A - a condenser vane (inert)
   (You found it on level 1 of the Lair of Beasts)


   Skills:
 + Level 6.8 Fighting
 - Level 3.0 Dodging
 - Level 10.0 Stealth
 + Level 9.8 Unarmed Combat
 - Level 5.0 Spellcasting
 + Level 8.5 Transmutations
 + Level 5.4 Ice Magic
 + Level 8.1 Poison Magic
 + Level 3.1 Evocations


You couldn't memorise any spells.
You knew the following spells:

 Your Spells              Type           Power      Damage    Failure   Level
a - Beastly Appendage     Tmut           66%        N/A       1%          1
b - Apportation           Tloc           8%         N/A       14%         1
c - Wereblood             Tmut           33%        N/A       1%          2
d - Spider Form           Tmut/Pois      32%        N/A       1%          3
e - Ozocubu's Armour      Ice            22%        N/A       4%          3
f - Alistair's Intoxicat  Tmut/Pois      21%        N/A       13%         5
g - Ice Form              Ice/Tmut       28%        N/A       8%          4

Your spell library contained the following spells:

 Spells                   Type           Power      Damage    Failure   Level
 Metabolic Englaciation   Hex/Ice        6%         N/A       78%         5
 Simulacrum               Ice/Necr       Unusable   N/A       N/A         6

Dungeon Overview and Level Annotations

Branches:
Dungeon (10/15)            Temple (1/1) D:5            Lair (1/5) D:9
    Orc (0/2) D:10          Sewer (visited)         Ossuary (visited)

Altars:
Ashenzari
Cheibriados
Dithmenos
Elyvilon
Fedhas
Gozag
Hepliaklqana
Kikubaaqudgha
Makhleb
Nemelex Xobeh
Okawaru
Qazlal
Ru
Sif Muna
Trog
Uskayaw
Vehumet
Wu Jian
Xom
Yredelemnul
Zin
The Shining One

Shops:
D:5 [   D:7 *   D:9 =   D:10 [

Annotations:
D:3 come back with digging
D:7 come back with digging
D:9 Harold
D:10 exclusions: electric eel, gargoyle and 3 more exclusions
Lair:1 exclusion: oklob plant


Innate Abilities, Weirdness & Mutations

You have sharp claws.
You have razor-sharp teeth.
You have supernaturally acute eyesight. (SInv)
You cover ground quickly. (Speed+)
You are covered in thick fur. (AC +2)
Your paws help you pounce on unaware monsters.
You are incapable of wielding weapons or throwing items.
You cannot wear armour.
You gain extra lives every three experience levels.
You are agile. (Dex +4, Str/Int -1)
Your flesh is cold resistant. (rC+)


Message History

You are now level 10!
Your transformation has ended.
You rejoin the land of the living...
C - a scroll of identify You don't currently have any unidentified items.
Found a stone staircase leading down.
Casting: Spider Form (safe; 1% risk of failure)
Confirm with . or Enter, or press ? or * to list all spells.
You grow a pair of large bovine horns.
Really walk into a travel-excluded area?
You see here 18 gold pieces.
You catch the helpless oklob plant completely off-guard!
You eviscerate the oklob plant!!!
You bite the oklob plant, but do no damage.
The oklob plant is almost destroyed.
The oklob plant spits acid at you. The splash of acid hits you!!
You start resting.
HP restored.
Casting: Beastly Appendage (safe; 1% risk of failure)
Confirm with . or Enter, or press ? or * to list all spells.
You extend your transformation's duration.
Really walk into a travel-excluded area?
The oklob plant spits acid at you. The splash of acid hits you!!
Ouch! That really hurt!
* * * LOW HITPOINT WARNING * * *
The acid corrodes you!
Okay, then.
You start resting.
Magic restored.
You start resting.
You are no longer corroded.
You start resting.
Your transformation is almost over.
Your horns disappear.
HP restored.
You start resting.
HP restored.
Are you sure you want to abandon this character and quit the game? (Confirm with "yes".)

...........#.....# #..#
...........#.....# ##.#
...#.......#.....# #..#
...#.#+#.##♣♣♣♣♣♣♣ ♣#.# ### ##
..........♣♣.♣♣♣♣♣♣♣ ♣.###P#####.
..........♣.♣.♣♣$$$♣♣♣...........
.....#####♣♣.♣♣♣♣$_.♣♣...........
.....# ♣.♣.♣♣..$$♣♣.########.#
.##..#####♣.♣♣.♣@♣♣P♣♣.# #.#
..#..##....♣♣.♣.♣♣ ♣♣♣.# #..
.....##...♣♣♣♣.♣♣ ♣♣.## ####.#
..#..#.#.##♣♣♣♣♣♣♣♣♣♣..P####.##.#
..#.............................+
..#..............................
..#..............................
.##........#.#.######....####....
⌠..........#........#...#...#....


There were no monsters in sight!

Vanquished Creatures
  A centaur warrior (D:8)
  Erica (D:8)
  A death yak (D:9)
  A two-headed ogre (D:9)
  A boulder beetle (Lair:1)
  A deep elf pyromancer (D:10)
  Pikel (D:6)
  An oklob plant (Lair:1)
  5 cane toads (Lair:1)
  A komodo dragon (Lair:1)
  2 trolls
  A hornet (D:10)
  4 blink frogs (Lair:1)
  Sigmund (D:2)
  A wraith (D:9)
  A shadow (D:9)
  10 yaks
  A wyvern (D:8)
  2 steam dragons (D:9)
  Menkaure (D:7)
  3 water moccasins
  An acid dragon (D:7)
  6 orc warriors
  An ogre (D:4)
  2 black bears (D:5)
  3 sky beasts
  2 ice beasts
  3 centaurs
  2 lemures (D:6)
  2 phantoms
  3 necrophages
  14 bullfrogs
  A gnoll sergeant (D:6)
  3 scorpions
  3 water moccasin zombies (Ossuary)
  17 wights
  11 killer bees
  4 howler monkeys
  2 hounds (D:5)
  2 gnoll boudas
  3 orc priests
  10 orc wizards
  2 mummies (Ossuary)
  7 gnolls
  14 adders
  A shadow imp (D:7)
  3 white imps (D:8)
  4 adder zombies (Ossuary)
  45 orcs
  6 endoplasms
  12 giant cockroaches
  4 goblins
  10 hobgoblins
  20 jackals
  10 quokkas
  9 ball pythons
  9 bats
  14 frilled lizards
  4 hobgoblin zombies (Ossuary)
  9 kobolds
  5 kobold zombies (Ossuary)
  4 orc zombies (Ossuary)
  8 rats
  19 plants
355 creatures vanquished.

Notes
Turn   | Place    | Note
-------+----------+-------------------------------------------
     0 | D:1      | jfcaron the Felid Transmuter began the quest for the Orb.
     0 | D:1      | Reached XP level 1. HP: 9/9 MP: 4/4
    90 | D:1      | Learned a level 1 spell: Apportation
   163 | D:1      | HP: 1/9 [goblin/+0 dagger (2)]
   289 | D:1      | Reached XP level 2. HP: 12/12 MP: 4/6
   294 | D:1      | Reached skill level 1 in Stealth
   298 | D:1      | Learned a level 2 spell: Wereblood
   626 | D:1      | Reached XP level 3. HP: 15/15 MP: 7/7
  1195 | D:2      | Reached skill level 2 in Stealth
  1262 | D:2      | Noticed Sigmund
  1698 | D:2      | Reached XP level 4. HP: 19/19 MP: 8/8
  1702 | D:2      | Learned a level 3 spell: Spider Form
  1755 | D:3      | Found a burning altar of Makhleb.
  1822 | D:3      | Found a shimmering altar of Xom.
  2019 | D:3      | Found a glowing silver altar of Zin.
  2573 | D:3      | Reached skill level 1 in Poison Magic
  2947 | D:4      | Found a blossoming altar of Fedhas.
  2947 | D:4      | Noticed a scorpion
  2963 | D:4      | Found an ancient bone altar of Kikubaaqudgha.
  2964 | D:4      | Found a snail-covered altar of Cheibriados.
  2969 | D:4      | Killed a scorpion
  2970 | D:4      | Reached skill level 3 in Stealth
  2970 | D:4      | Reached XP level 5. HP: 11/22 MP: 3/9
  3637 | D:4      | Noticed an ogre
  3794 | D:5      | Entered Level 5 of the Dungeon
  3796 | D:5      | Found a staircase to the Ecumenical Temple.
  3810 | Temple   | Entered the Ecumenical Temple
  3810 | Temple   | Found a transporter.
  3810 | Temple   | Found a transporter.
  3812 | Temple   | Found a transporter.
  3812 | Temple   | Found a transporter.
  3834 | Temple   | Became a worshipper of Gozag Ym Sagoz the Greedy
  3896 | D:5      | Noticed a water moccasin
  3930 | D:5      | Gained mutation: You are covered in thick fur. (AC +2)
                  | [Felid growth]
  3930 | D:5      | Reached XP level 6. HP: 19/25 MP: 8/10
  3930 | D:5      | Found a bloodstained altar of Trog.
  3932 | D:5      | Found Elinkecs's Armour Emporium.
  3947 | D:5      | Identified the +8 short sword of Doom {spect, Fly rElec rF-
                  | Str+8}
  3948 | D:5      | Found a glowing drain.
  3982 | Sewer    | Entered a sewer
  4486 | Sewer    | Reached skill level 4 in Stealth
  4486 | Sewer    | Reached skill level 5 in Unarmed Combat
  4520 | D:5      | Reached XP level 7. HP: 27/28 MP: 11/11
  4573 | D:5      | Reached skill level 5 in Stealth
  4874 | D:5      | HP: 5/28 [gnoll bouda/+0 whip (13)]
  5210 | D:5      | Reached skill level 5 in Transmutations
  5223 | D:5      | Reached skill level 6 in Stealth
  5263 | D:5      | Reached XP level 8. HP: 32/32 MP: 12/12
  5539 | D:6      | Noticed Pikel
  5762 | D:6      | Killed Pikel
  5763 | D:6      | Reached skill level 7 in Stealth
  6499 | D:7      | Noticed Menkaure
  6528 | D:7      | Found Tics's General Store.
  6680 | D:7      | Found a sand-covered staircase.
  6687 | Ossuary  | Entered an ossuary
  6774 | Ossuary  | Reached skill level 5 in Poison Magic
  6774 | Ossuary  | Reached XP level 9. HP: 29/35 MP: 13/13
  6809 | Ossuary  | Reached skill level 8 in Stealth
  7134 | D:7      | Bought a potion of heal wounds for 60 gold pieces
  7134 | D:7      | Bought a potion of might for 48 gold pieces
  7134 | D:7      | Bought a scroll of magic mapping for 90 gold pieces
  7134 | D:7      | Bought a scroll of identify for 24 gold pieces
  7368 | D:7      | Found a sacrificial altar of Ru.
  7828 | D:7      | Found a shimmering blue altar of Sif Muna.
  7864 | D:7      | Killed Menkaure
  8226 | D:8      | Noticed Erica
  8233 | D:8      | HP: 1/37 [Erica/bolt of poison (30)]
  8348 | D:8      | Gained mutation: Your flesh is cold resistant. (rC+)
                  | [potion of mutation]
  8348 | D:8      | Gained mutation: You are agile. (Dex +4, Str/Int -1)
                  | [potion of mutation]
  8761 | D:2      | Killed Sigmund
  8926 | D:4      | Reached skill level 9 in Stealth
  8948 | D:4      | Learned a level 3 spell: Ozocubu's Armour
  9275 | D:9      | Noticed a troll
  9376 | D:9      | Reached skill level 1 in Ice Magic
  9648 | D:9      | Slain by a wraith
  9649 | D:9      | Reached XP level 8. HP: -1/36 MP: 13/13
  9793 | D:9      | Noticed a death yak
  9795 | D:9      | Upgraded the game from 0.30-a0-578-gdee14c521f to
                  | 0.30-a0-585-g93115170b9
  9862 | D:9      | Reached XP level 9. HP: 23/39 MP: 10/14
 10121 | D:9      | Killed a troll
 10208 | D:9      | Noticed a two-headed ogre
 10212 | D:9      | Killed a two-headed ogre
 10213 | D:9      | Reached skill level 10 in Stealth
 10274 | D:9      | Noticed Harold
 10419 | D:9      | Found a staircase to the Lair.
 10420 | D:9      | Noticed a death yak
 10899 | D:10     | Entered Level 10 of the Dungeon
 10902 | D:10     | Noticed a deep elf pyromancer
 10916 | D:10     | Killed a deep elf pyromancer
 10917 | D:10     | Reached XP level 10. HP: 39/43 MP: 14/16
 10996 | D:9      | Bought the ring of the King {+Blink rPois Str+2 Dex+6} for
                  | 759 gold pieces
 11252 | D:10     | Noticed a gargoyle
 11484 | D:10     | Found a staircase to the Orcish Mines.
 11771 | D:10     | Found Latu's Armour Shoppe.
 11908 | D:10     | Reached skill level 5 in Fighting
 12386 | D:10     | HP: 8/44 [orc wizard/puff of flame (2)]
 13008 | D:8      | Noticed a centaur warrior
 13020 | D:8      | Killed a centaur warrior
 13049 | D:8      | Killed Erica
 13495 | D:8      | Reached XP level 11. HP: 38/48 MP: 14/19
 13972 | D:8      | Reached skill level 5 in Spellcasting
 14528 | D:9      | Learned a level 5 spell: Alistair's Intoxication
 14538 | D:9      | Mangled by Harold
 14539 | D:9      | Reached XP level 10. HP: -10/44 MP: 11/18
 14685 | D:9      | Killed a death yak
 14802 | D:9      | Noticed a death yak
 14846 | D:9      | Upgraded the game from 0.30-a0-585-g93115170b9 to
                  | 0.30-a0-591-g3c58d2bc28
 14846 | D:9      | Upgraded the game from 0.30-a0-591-g3c58d2bc28 to
                  | 0.30-a0-613-gdd512c7efb
 15066 | D:9      | Bought an amulet of the acrobat for 390 gold pieces
 15122 | Lair:1   | Entered Level 1 of the Lair of Beasts
 15124 | Lair:1   | Noticed a cane toad
 15135 | Lair:1   | Killed a cane toad
 15150 | Lair:1   | Learned a level 4 spell: Ice Form
 15155 | Lair:1   | Noticed a cane toad
 15161 | Lair:1   | Noticed a cane toad
 15181 | Lair:1   | Killed a cane toad
 15220 | Lair:1   | Killed a cane toad
 15221 | Lair:1   | Reached skill level 1 in Evocations
 15317 | Lair:1   | Noticed a cane toad
 15332 | Lair:1   | Killed a cane toad
 15461 | Lair:1   | Noticed a boulder beetle
 15514 | Lair:1   | Killed a boulder beetle
 15515 | Lair:1   | Reached skill level 5 in Ice Magic
 15572 | Lair:1   | Found a blossoming altar of Fedhas.
 15574 | Lair:1   | Noticed an oklob plant
 15574 | Lair:1   | Noticed an oklob plant
 15576 | Lair:1   | Killed an oklob plant
 15723 | Lair:1   | Reached XP level 11. HP: 42/49 MP: 16/19
 16046 | Lair:1   | HP: 7/49 [komodo dragon (20)]
 16424 | Lair:1   | Slain by a komodo dragon
 16425 | Lair:1   | Reached XP level 10. HP: -2/46 MP: 16/18
 16564 | Lair:1   | HP: 9/46 [oklob plant/splash of acid (25)]
 16700 | Lair:1   | Quit the game

Illustrated notes

Levels and vault maps discovered:
D:1:      matt_arrival_spirals, layout_loops_ring
D:2:      minmay_wonky_spiral, layout_basic, serial_forest,
          infiniplex_forest_straight_3, infiniplex_forest_clump_small,
          infiniplex_forest_diagonal, infiniplex_forest_diagonal,
          infiniplex_forest_clump_large, infiniplex_forest_end_2,
          minmay_misc_feat_four_crosses, kennysheep_another_room,
          roderic_roman_lattice, uniq_sigmund
D:3:      layout_basic, xom_confusion_cloud, mainiacjoe_overflow_cross_hatched,
          mainiacjoe_overflow_catwalk, due_unseen_surprise
D:4:      minmay_chambers_of_fours, layout_loops_ring,
          grunt_temple_overflow_open, minmay_fractal_squares_diagonal_5
D:5:      black_bear_nest_2, layout_basic, mainiacjoe_overflow_alcove_2,
          minmay_temple_entry_arrows, gup_sewer_entry_glass, serial_shops, shop
D:6:      layout_cave_pools, uniq_pikel
D:7:      layout_cave_pools, nicolae_ru_the_path_less_chosen,
          nicolae_sif_muna_little_library, serial_shops, shop,
          nicolae_ossuary_entry_plus, nicolae_concentric_dashed_squares_mild,
          abandoned_shop, uniq_menkaure
D:8:      nzn_winding_woodlands_medium [nzn_winding_woodlands_5x5_closed_star,
          nzn_winding_woodlands_5x15_pool, nzn_winding_woodlands_5x5_open_star,
          nzn_winding_woodlands_5x5_default,
          nzn_winding_woodlands_center_garden, nzn_winding_woodlands_hourglass,
          nzn_winding_woodlands_5x5_cross, nzn_winding_woodlands_5x15_garden,
          nzn_winding_woodlands_5x5_perimeter], layout_loops_corners, uniq_erica
D:9:      layout_roguey, dpeg_lair_monsters, minmay_increasing_density,
          uniq_harold
D:10:     layout_basic, orc_david_3, grunt_ministairs_5,
          ebering_dispersal_statue_hall
Temple:   hellmonk_temple_divided_pantheon
Lair:1:   layout_chaotic_city, hangedman_tree_tricks, grunt_megastairs_3

Skill      XL: |  1  2  3  4  5  6  7  8  9 10 11 |
---------------+----------------------------------+-----
Stealth        | 1 2 3 4 6 7 10 | 10.0
Dodging        | 3 |  3.0
Unarmed Combat | 4 5 6 8 9 |  9.8
Transmutations | 3 4 5 6 7 8 |  8.5
Poison Magic   | 1 2 3 5 6 8 |  8.1
Fighting       | 4 6 |  6.8
Ice Magic      | 3 5 |  5.4
Spellcasting   | 3 4 5 |  5.0
Evocations     | 2 3 |  3.1

Action                   |  1- 3 |  4- 6 |  7- 9 | 10-12 || total
-------------------------+-------+-------+-------+-------++-------
Melee: Unarmed           |   132 |   214 |   383 |   386 ||  1115
       Bite              |     9 |    12 |    47 |    46 ||   114
       Headbutt          |     9 |    31 |    62 |    77 ||   179
       Punch             |     3 |     5 |    12 |    22 ||    42
 Cast: Beastly Appendage |    30 |    49 |    66 |    41 ||   186
       Spider Form       |       |     1 |     7 |    19 ||    27
       Ozocubu's Armour  |       |       |     3 |    43 ||    46
       Wereblood         |       |       |     2 |     3 ||     5
       Alistair's Intoxi |       |       |       |     1 ||     1
Invok: Call Merchant     |       |       |     1 |       ||     1
       Potion Petition   |       |       |       |     1 ||     1
 Abil: End Transformatio |       |     1 |     3 |    12 ||    16
Evoke: Wand              |       |       |    26 |       ||    26
       Phial of floods   |       |       |       |     1 ||     1
       Condenser vane    |       |       |       |     1 ||     1
  Use: Scroll            |       |    10 |    13 |     3 ||    26
       Potion            |       |     3 |     9 |     4 ||    16
 Stab: Sleeping          |     2 |     9 |    24 |     8 ||    43
       Distracted        |       |     2 |     4 |     5 ||    11
       Betrayed ally     |       |       |     1 |       ||     1
       Invisible         |       |       |       |     1 ||     1
Armor: Skin              |     5 |     8 |    20 |    31 ||    64
Dodge: Dodged            |    96 |   135 |   245 |   329 ||   805

Table legend: (Time is in decaauts)
 A = Elapsed time spent in this place.
 B = Non-inter-level travel time spent in this place.
 C = Inter-level travel time spent in this place.
 D = Time resting spent in this place.
 E = Time spent auto-exploring this place.
 F = Levels seen in this place.
 G = Mean time per level.
                   A        B        C        D        E       F      G
               +--------+--------+--------+--------+--------+-----+--------+
         Total |  14634 |  13476 |   1158 |   3496 |   5102 |  14 | 1045.3 |
       Dungeon |  12549 |  11453 |   1096 |   2856 |   4853 |  10 | 1254.9 |
        Temple |     31 |     31 |      0 |      0 |      0 |   1 |   31.0 |
          Lair |   1156 |   1095 |     61 |    374 |    238 |   1 | 1156.0 |
         Sewer |    523 |    523 |      0 |     91 |      1 |   1 |  523.0 |
       Ossuary |    373 |    373 |      0 |    174 |      9 |   1 |  373.0 |
               +--------+--------+--------+--------+--------+-----+--------+

Top non-repeatable levels by time:
     D:9: 2374 daAuts
     D:8: 1878 daAuts
    D:10: 1471 daAuts
     D:4: 1160 daAuts
  Lair:1: 1156 daAuts
     D:6: 1132 daAuts
     D:7: 937 daAuts
     D:2: 934 daAuts
     D:3: 928 daAuts
     D:5: 904 daAuts
     D:1: 827 daAuts
   Sewer: 523 daAuts
 Ossuary: 373 daAuts
  Temple: 31 daAuts

Table legend:
 A = Kills in this place as a percentage of kills in entire the game.
 B = Kills by you in this place as a percentage of kills by you in the entire game.
 C = Kills by friends in this place as a percentage of kills by friends in the entire game.
 D = Other kills in this place as a percentage of other kills in the entire game.
 E = Experience gained in this place as a percentage of experience gained in the entire game.
 F = Experience gained in this place divided by the number of levels of this place that you have seen.
                   A       B       C       D       E      F
               +-------+-------+-------+-------+-------+----------------------
         Total | 100.0 | 100.0 | 100.0 | 100.0 | 100.0 | 1571.8
       Dungeon |  79.5 |  79.1 | 100.0 | 100.0 |  68.5 | 1507.8
          Lair |   6.6 |   6.7 |   0.0 |   0.0 |  29.0 | 6380.0
         Sewer |   7.3 |   7.4 |   0.0 |   0.0 |   1.1 | 240.0
       Ossuary |   6.6 |   6.7 |   0.0 |   0.0 |   1.4 | 307.0
               +-------+-------+-------+-------+-------+----------------------
